 Dungeon Crawl Stone Soup version 0.23-a0-404-g0063841da3 (console) character file.

538 Gottschkopf the Changer (level 7, -1/52 HPs)
             Began as a Pale Draconian Transmuter on Nov 5, 2018.
             Was a Follower of Sif Muna.
             Slain by a phantom (5 damage)
             ... on level 4 of the Dungeon.
             The game lasted 00:09:25 (4205 turns).

Gottschkopf the Changer (Pale Draconian Transmuter) Turns: 4205, Time: 00:09:26

Health: -1/52      AC:  7    Str: 12    XL:     7   Next: 5%
Magic:  10/10      EV: 12    Int: 16    God:    Sif Muna [*.....]
Gold:   203        SH:  0    Dex: 11    Spells: 6/10 levels left

rFire    . . .     SeeInvis .     - Unarmed
rCold    . . .     Gourm    +   (no shield)
rNeg     . . .     Faith    .   (armour unavailable)
rPois    .         Spirit   .   (helmet restricted)
rElec    .         Reflect  .   j - +0 cloak
rCorr    .         Harm     .   (no gloves)
MR       .....                  (no boots)
Stlth    ..........             g - amulet of the gourmand
HPRegen  0.17/turn              i - ring of attention (curse)
MPRegen  0.12/turn              t - ring of flight

@: appendage (expiring), very slightly contaminated, invisible
A: breathe steam, unfitting armour, horns 2, cold-blooded, AC +6
a: Breathe Steam, End Transformation, Divine Energy, Renounce Religion, Evoke
Flight


You were on level 4 of the Dungeon.
You worshipped Sif Muna.
Sif Muna was aware of your devotion.
You were very full.
You had grown temporary horns.
You visited 1 branch of the dungeon, and saw 4 of its levels.
You also visited: Ossuary.

You collected 203 gold pieces.

Inventory:

Missiles
 a - 12 arrows
Armour
 j - a +0 cloak (worn)
Jewellery
 g - an amulet of the gourmand (around neck)
 i - a cursed ring of attention (left hand)
 t - a ring of flight (right hand)
Wands
 m - a wand of enslavement (9)
Scrolls
 b - 4 scrolls of teleportation {unknown}
 d - 8 scrolls of remove curse {unknown}
 f - 5 scrolls of enchant armour {unknown}
 k - 4 scrolls of blinking {unknown}
 l - 3 scrolls of identify {unknown}
 n - a scroll of enchant weapon {unknown}
 q - a scroll of random uselessness {unknown}
 s - a scroll of amnesia {unknown}
Potions
 e - a potion of berserk rage {unknown}
 h - a potion of invisibility
 o - 2 potions of curing {unknown}
 p - a potion of cancellation {unknown}
 r - a potion of flight {unknown}
 u - 2 potions of brilliance {unknown}
 v - a potion of degeneration {unknown}
 w - a potion of haste {unknown}
 x - a potion of resistance {unknown}
 z - a potion of agility {unknown}
Comestibles
 c - 9 rations


   Skills:
 - Level 1.1 Fighting
 - Level 1.7 Dodging
 - Level 4.3 Unarmed Combat
 - Level 2.0 Spellcasting
 + Level 7.0 Transmutations


You had 6 spell levels left.
You knew the following spells:

 Your Spells              Type           Power        Failure   Level  Hunger
a - Beastly Appendage     Tmut           ###...       1%          1    #......
b - Spider Form           Tmut/Pois      ##........   14%         3    ###....

Your spell library contained the following spells:

 Spells                   Type           Power        Failure   Level  Hunger
 Sticks to Snakes         Tmut           ###.....     1%          2    ###....
 Magic Dart               Conj           #...         21%         1    #......
 Blink                    Tloc           N/A          30%         2    ###....
 Call Imp                 Summ           #.......     30%         2    ###....
 Slow                     Hex            #.......     30%         2    ###....
 Blade Hands              Tmut           ###.......   32%         5    ######.
 Ice Form                 Ice/Tmut       ##......     43%         4    #####..
 Conjure Flame            Conj/Fire      #.......     52%         3    ###....
 Mephitic Cloud           Conj/Pois/Air  #.......     52%         3    ###....


Dungeon Overview and Level Annotations

Branches:
Dungeon (4/15)
 Temple: D:4-7

Altars:
Elyvilon
Sif Muna
Uskayaw

Shops:
D:4 (


Innate Abilities, Weirdness & Mutations

You can breathe blasts of scalding, opaque steam.
Your pale cyan-grey scales are hard. (AC +6)
You cannot fit into any form of body armour.
You are cold-blooded and may be slowed by cold attacks.
You have a pair of horns on your head.


Message History

You hit the phantom. Your headbutt misses the phantom.
The phantom is moderately damaged.
Your transformation is almost over.
The phantom hits you but does no damage.
You barely miss the phantom.
The phantom is moderately damaged.
The phantom hits you but does no damage.
You hit the phantom.
You tail-slap the phantom, but do no damage.
The phantom is moderately damaged.
You barely miss the phantom.
The phantom is moderately damaged.
The phantom closely misses you.
You miss the phantom.
The phantom is moderately damaged.
The phantom closely misses you.
You closely miss the phantom.
The phantom is moderately damaged.
The phantom hits you.
You die...

# ########.
#....#..
#......##+##
##......#...#
#....#..W...+
#....#..#@..#
#......#####
##..........
###...####...#
###.........#l...
#...P............
##....∩P.......#..
#....PPP.......##.
###............#..#


You could see a phantom.

Vanquished Creatures
  2 water moccasin zombies (Ossuary)
  An iguana (D:4)
  3 worker ants (D:4)
  4 big kobold zombies (Ossuary)
  A hound skeleton (D:3)
  Robin (D:2)
  2 mummies (Ossuary)
  2 worker ant zombies (D:3)
  7 adders
  5 adder zombies (Ossuary)
  An adder skeleton (D:3)
  3 worms
  2 dart slugs (D:1)
  An orc (D:3)
  5 giant cockroaches
  11 goblins
  9 hobgoblins
  13 jackals
  6 kobolds
  A quokka (D:2)
  8 bats
  2 frilled lizards (D:1)
  A giant cockroach zombie (D:3)
  A gnoll zombie (Ossuary)
  3 hobgoblin zombies (Ossuary)
  2 jackal zombies (D:3)
  4 kobold zombies (Ossuary)
  A leopard gecko skeleton (D:3)
  An orc zombie (Ossuary)
  A quokka skeleton (D:3)
  A quokka zombie (D:3)
  7 rats
112 creatures vanquished.

Notes
Turn   | Place    | Note
-------+----------+-------------------------------------------
     0 | D:1      | Gottschkopf the Draconian Transmuter began the quest for
                  | the Orb.
     0 | D:1      | Reached XP level 1. HP: 16/16 MP: 3/3
    69 | D:1      | Reached XP level 2. HP: 7/23 MP: 1/5
   728 | D:2      | Reached XP level 3. HP: 16/28 MP: 4/6
   733 | D:2      | Learned a level 3 spell: Spider Form
  1101 | D:2      | Reached skill level 3 in Transmutations
  1101 | D:2      | Reached XP level 4. HP: 8/35 MP: 7/7
  1847 | D:2      | Found a deep blue altar of Sif Muna.
  1852 | D:2      | Became a worshipper of Sif Muna the Loreminder
  1856 | D:2      | Noticed Robin
  1905 | D:2      | Killed Robin
  1905 | D:2      | Reached skill level 4 in Transmutations
  2120 | D:2      | Reached XP level 5. HP: 35/40 MP: 6/8
  2459 | D:3      | Found a hide-covered altar of Uskayaw.
  2497 | D:3      | Found a white marble altar of Elyvilon.
  2798 | D:3      | Reached skill level 5 in Transmutations
  2917 | D:4      | Reached * piety under Sif Muna
  3057 | D:4      | Reached XP level 6. HP: 12/47 MP: 9/9
  3162 | D:4      | Found Qintyxzaa's Antique Weapon Shoppe.
  3180 | D:4      | Found a sand-covered staircase.
  3185 | Ossuary  | Entered an ossuary
  3477 | Ossuary  | Reached skill level 6 in Transmutations
  4169 | D:4      | Reached skill level 7 in Transmutations
  4169 | D:4      | Your scales start taking on a pale cyan-grey colour.
  4169 | D:4      | Reached XP level 7. HP: 6/52 MP: 10/10
  4205 | D:4      | Slain by a phantom

Vault maps used:
D:1:      dpeg_arrival_houses_and_road
D:2:      lemuel_crystal_altar, uniq_robin
D:3:      eat_drink_and_be_merry_uskayaw, elyvilon_altar_4, serial_undead,
          serial_undead_c, serial_undead_f, serial_undead_c, serial_undead_b,
          serial_undead_b, serial_undead_d, serial_undead_b
D:4:      serial_shops, nicolae_shop_overgrown_old_shop, enter_ossuary_2,
          first_ration, uniq_crazy_yiuf_cottage
Ossuary:  ossuary_tomb_2

Skill      XL: |  1  2  3  4  5  6 |
---------------+-------------------+-----
Unarmed Combat | 4 |  4.3
Transmutations | 3 4 5 7 |  7.0
Fighting       | |  1.1
Dodging        | |  1.7
Spellcasting   | |  2.0

Action                   |  1- 3 |  4- 6 |  7- 9 || total
-------------------------+-------+-------+-------++-------
Melee: Unarmed           |   117 |   371 |     9 ||   497
       Tailslap          |    11 |    38 |     3 ||    52
       Kick              |     5 |    27 |       ||    32
       Headbutt          |     9 |    32 |       ||    41
       Punch             |       |     3 |       ||     3
 Cast: Beastly Appendage |    20 |    39 |     1 ||    60
       Spider Form       |       |     3 |       ||     3
  Use: Potion            |       |       |     1 ||     1
 Stab: Sleeping          |     1 |       |       ||     1
       Invisible         |       |       |     1 ||     1
  Eat: Chunk             |     1 |    21 |     1 ||    23
Armor: Skin              |    50 |   105 |     3 ||   158
Dodge: Dodged            |    83 |   189 |     4 ||   276

Table legend:
 A = Non-vault XP
 B = Vault XP
 C = Vault XP percentage of total XP
 D = Non-vault monster count
 E = Vault monster count
 F = Vault count percentage of total count
                 A         B        C        D         E       F
            +---------+---------+-------+---------+---------+-------
      Total |     341 |     428 |  55.7 |      68 |      44 |  39.3
            +---------+---------+-------+---------+---------+-------
        D:1 |      37 |       0 |   0.0 |      20 |       0 |   0.0
        D:2 |     123 |      37 |  23.1 |      26 |      12 |  31.6
        D:3 |      43 |      62 |  59.0 |      18 |      10 |  35.7
        D:4 |     138 |       0 |   0.0 |       4 |       0 |   0.0
    Ossuary |       0 |     329 | 100.0 |       0 |      22 | 100.0
            +---------+---------+-------+---------+---------+-------
